 Dungeon Crawl Stone Soup version 0.26.0-16-gc1dbca0489 (webtiles) character file.

Game seed: 15731803512994789557

35 thiole the Sneak (level 3, -2/21 HPs)
             Began as an Octopode Hedge Wizard on Jan 21, 2021.
             Slain by Natasha (5 damage)
             ... on level 2 of the Dungeon.
             The game lasted 00:01:46 (1585 turns).

thiole the Sneak (Octopode Hedge Wizard)            Turns: 1585, Time: 00:01:47

Health: -2/21      AC:  1    Str:  9    XL:     3   Next: 33%
Magic:  1/7        EV: 13    Int: 17    God:
Gold:   37         SH:  0    Dex: 11    Spells: 0/8 levels left

rFire    . . .     SeeInvis .   a - +0 dagger
rCold    . . .     Faith    .   (no shield)
rNeg     . . .     Spirit   .   b - +0 hat
rPois    .         Reflect  .   (no amulet)
rElec    .         Harm     .   (no ring)
rCorr    .         Rampage  .   (no ring)
Will     .....                  (no ring)
Stlth    +++.......             (no ring)
HPRegen  0.07/turn              (no ring)
MPRegen  0.10/turn              (no ring)
                                (no ring)
                                (no ring)

@: very slightly contaminated
A: almost no armour, stealthy swim, amphibious, 8 rings, constrict 8, camouflage
1, gelatinous body 1
a: no special abilities


You were on level 2 of the Dungeon.
You visited 1 branch of the dungeon, and saw 2 of its levels.

You collected 37 gold pieces.

Inventory:

Hand Weapons
 a - a +0 dagger (weapon)
Armour
 b - a +0 hat (worn)
Jewellery
 f - a cursed ring of teleportation {unknown}
Scrolls
 d - a scroll of fear {unknown}
 e - a scroll of noise {unknown}
 g - a scroll of teleportation {unknown}
 i - a scroll of enchant weapon {unknown}
 l - a scroll of identify {unknown}
Potions
 c - a potion of flight {unknown}
 h - a potion of curing {unknown}
 j - 2 potions of invisibility {unknown}
 k - 2 potions of brilliance {unknown}


   Skills:
 - Level 2.0 Dodging
 + Level 3.3 Stealth
 + Level 3.1 Spellcasting
 * Level 1.9 Conjurations
 * Level 1.9 Summonings
 - Level 1.0 Translocations


You couldn't memorise any spells.
You knew the following spells:

 Your Spells              Type           Power        Failure   Level
a - Magic Dart            Conj           36%          8%          1
b - Call Imp              Summ           9%           12%         2
c - Slow                  Hex            2%           26%         2
d - Mephitic Cloud        Conj/Pois/Air  4%           36%         3

Your spell library contained the following spells:

 Spells                   Type           Power        Failure   Level
 Blink                    Tloc           N/A          17%         2
 Conjure Flame            Conj/Fire      6%           34%         3


Dungeon Overview and Level Annotations

Branches:
Dungeon (2/15)

Altars:

Annotations:
D:2 Natasha


Innate Abilities, Weirdness & Mutations

You cannot wear most types of armour.
You are very stealthy in the water. (Stealth+)
You are amphibious.
You can wear up to eight rings at the same time.
You can use your tentacles to constrict eight enemies at once.
Your skin changes colour to match your surroundings (Stealth+).
Your rubbery body absorbs attacks. (AC +1, EV +1)


Message History

You closely miss Natasha. You grab Natasha.
Natasha is lightly wounded.
You constrict Natasha, but do no damage.
Natasha casts a spell at you. The magic dart hits you.
* * * LOW HITPOINT WARNING * * *
Your crimson imp hits Natasha but does no damage.
You hit Natasha but do no damage.
Natasha is lightly wounded.
You constrict Natasha. Natasha claws you.
* * * LOW HITPOINT WARNING * * *
Your crimson imp hits Natasha.
You hit Natasha but do no damage.
Natasha is moderately wounded.
You constrict Natasha, but do no damage.
Natasha closely misses you.
Your crimson imp hits Natasha.
You hit Natasha but do no damage.
Natasha is moderately wounded.
You constrict Natasha. Natasha claws you.
You die...

#. ##### ...
#.##...###...
..#"..#.....
##.#.........
###...........
#..........#
###.....##
#....5h..#
#.#..@.#..# #
##.).# .# #.###
#.###.###..#
#...)........
#..............
#.#.........##.
#.##..###..#
... #..# #...


You could see Natasha and a friendly crimson imp (summoned).

Vanquished Creatures
  2 dart slugs (D:1)
  A leopard gecko (D:1)
  2 ball pythons (D:1)
  5 bats (D:1)
  3 giant cockroaches (D:1)
  3 hobgoblins
  4 frilled lizards (D:1)
  6 goblins
  2 rats (D:1)
28 creatures vanquished.

Notes
Turn   | Place    | Note
-------+----------+-------------------------------------------
     0 | D:1      | thiole the Octopode Hedge Wizard began the quest for the
                  | Orb.
     0 | D:1      | Reached XP level 1. HP: 11/11 MP: 4/4
    95 | D:1      | Reached XP level 2. HP: 17/17 MP: 0/6
    98 | D:1      | Learned a level 2 spell: Call Imp
   200 | D:1      | Learned a level 2 spell: Slow
   744 | D:1      | Reached XP level 3. HP: 21/21 MP: 4/7
   748 | D:1      | Learned a level 3 spell: Mephitic Cloud
  1410 | D:2      | Noticed Natasha
  1585 | D:2      | Slain by Natasha

Illustrated notes

Levels and vault maps discovered:
D:1:      wheals_arrival_shading, layout_loops_corners, minmay_three_crescents
D:2:      layout_rooms, fountainhead, uniq_jessica, uniq_sigmund, uniq_natasha

Skill      XL: |  1  2 |
---------------+-------+-----
Stealth        | 3 |  3.3
Dodging        | |  2.0
Spellcasting   | |  3.1
Conjurations   | |  1.9
Summonings     | |  1.9
Translocations | |  1.0

Action                   || total
-------------------------++-------
Melee: Dagger            ||    43
       Constrict         ||    11
       Tentacles         ||     7
 Cast: Magic Dart        ||    42
       Call Imp          ||     1
Armor: Skin              ||    11
Dodge: Dodged            ||    41
